 Dungeon Crawl Stone Soup version 0.25-a0-927-g39f137c8b7 (webtiles) character file.

Game seed: 15844177819223952653, levelgen mode: deterministic

11 Maedhros the Poker (level 2, -1/21 HPs)
             Began as an Octopode Chaos Knight on May 3, 2020.
             Was a Plaything of Xom.
             Killed from afar by a dart slug (6 damage)
             ... with a slug dart
             ... on level 1 of the Dungeon.
             The game lasted 00:00:12 (136 turns).

Maedhros the Poker (Octopode Chaos Knight)           Turns: 136, Time: 00:00:12

Health: -1/21      AC:  1    Str: 11    XL:     2   Next: 29%
Magic:  2/2        EV: 13    Int: 14    God:    Xom [..*...]
Gold:   21         SH:  0    Dex: 11    Spells: 1/1 levels left

rFire    . . .     SeeInvis .   a - +0 spear (chaos)
rCold    . . .     Gourm    .   (no shield)
rNeg     . . .     Faith    .   (helmet restricted)
rPois    .         Spirit   .   (no amulet)
rElec    .         Reflect  .   (no ring)
rCorr    .         Harm     .   (no ring)
MR       .....                  (no ring)
Stlth    ++........             (no ring)
HPRegen  0.07/turn              (no ring)
MPRegen  0.08/turn              (no ring)
                                (no ring)
                                (no ring)

@: no status effects
A: almost no armour, stealthy swim, amphibious, 8 rings, constrict 8, camouflage
1, gelatinous body 1
a: Renounce Religion


You were on level 1 of the Dungeon.
You worshipped Xom.
You were a toy of Xom.
You were not hungry.

You visited 1 branch of the dungeon, and saw 1 of its levels.

You collected 21 gold pieces.

Inventory:

Hand Weapons
 a - a +0 spear of chaos (weapon)
Scrolls
 e - a scroll of amnesia {unknown}
Potions
 c - a potion of magic {unknown}
 d - a potion of curing {unknown}
 f - a potion of brilliance {unknown}
Comestibles
 b - a ration


   Skills:
 - Level 3.0 Fighting
 + Level 3.7 Polearms
 - Level 2.3 Dodging


You had one spell level left.
You didn't know any spells.
Your spell library was empty.

Dungeon Overview and Level Annotations

Branches:
Dungeon (1/15)

Altars:


Innate Abilities, Weirdness & Mutations

You cannot wear most types of armour.
You are very stealthy in the water. (Stealth+)
You are amphibious.
You can wear up to eight rings at the same time.
You can use your tentacles to constrict eight enemies at once.
Your skin changes colour to match your surroundings (Stealth+).
Your rubbery body absorbs attacks. (AC +1, EV +1)


Message History

There are monsters nearby!
You hit the hobgoblin but do no damage.
The hobgoblin is almost dead.
You constrict the hobgoblin.
You kill the hobgoblin!
The kobold hits you. The dart slug bites you.
* * * LOW HITPOINT WARNING * * *
There are monsters nearby!
You are too injured to fight recklessly!
You hit the dart slug.
The dart slug suddenly seems more agile.
You grab the dart slug.
The dart slug is lightly wounded.
You constrict the dart slug. The kobold closely misses you.
You hit the kobold. You freeze the kobold.
You kill the kobold!
You constrict the dart slug. The dart slug launches a dart at you.
The slug dart hits you.
You die...

###....####### #....# #
#....## # ###########
#.....# # #.........#
#.....## # #.........#
#####..#####
#.........########......
#...$.(.............####
#>....)@..########..#
#.....w...# ####
#.........# ###########


You could see a dart slug.

Vanquished Creatures
  A dart slug (D:1)
  A leopard gecko (D:1)
  A goblin (D:1)
  2 hobgoblins (D:1)
  A bat (D:1)
  A frilled lizard (D:1)
  A kobold (D:1)
  A rat (D:1)
9 creatures vanquished.

Notes
Turn   | Place    | Note
-------+----------+-------------------------------------------
     0 | D:1      | Maedhros the Octopode Chaos Knight began the quest for the
                  | Orb.
     0 | D:1      | Reached XP level 1. HP: 16/16 MP: 1/1
    70 | D:1      | Reached XP level 2. HP: 17/21 MP: 2/2
   136 | D:1      | Killed from afar by a dart slug

Levels and vault maps discovered:
D:1:      mrwooster_arrival_statue, layout_rooms, minmay_cupped

Action                   || total
-------------------------++-------
Melee: Spear             ||    28
       Constrict         ||     7
       Tentacles         ||     3
Armor: Skin              ||     1
Dodge: Dodged            ||    15

Table legend:
 A = Non-vault XP
 B = Vault XP
 C = Vault XP percentage of total XP
 D = Non-vault monster count
 E = Vault monster count
 F = Vault count percentage of total count
                 A         B        C        D         E       F
            +---------+---------+-------+---------+---------+-------
      Total |      15 |       2 |  11.8 |       8 |       1 |  11.1
            +---------+---------+-------+---------+---------+-------
        D:1 |      15 |       2 |  11.8 |       8 |       1 |  11.1
            +---------+---------+-------+---------+---------+-------
